 Dungeon Crawl Stone Soup version 0.16-a0-3940-gf8a207b (console) character file.

57 Fusha the Caller (level 3, 0/15 HPs)
             Began as a Felid Summoner on Feb 7, 2015.
             Succumbed to an adder's poison
             ... on level 2 of the Dungeon.
             The game lasted 00:04:47 (2284 turns).

Fusha the Caller (Felid Summoner)                   Turns: 2284, Time: 00:04:48

Health: 0/15       AC:  1    Str:  4    XL:     3   Next: 73%
Magic:  8/8        EV: 19    Int: 17    God:
Gold:   49         SH:  0    Dex: 16    Spells: 2 memorised, 3 levels left
                                        Lives:  0   Deaths: 0

rFire  + . .     SeeInvis +       - Unarmed
rCold  + . .     Clarity  .     (armour unavailable)
rNeg   . . .     SustAb   .     (shield unavailable)
rPois  +         Gourm    .     (helmet unavailable)
rElec  +         Spirit   .     (cloak unavailable)
rCorr  +         Warding  .     (gloves unavailable)
rMut   .         Stasis   .     (boots unavailable)
MR     .....                    (no amulet)
Stlth  +++.......               (no ring)
                                (no ring)

@: lethally poisoned (0 -> -4), resistant, quick, not resistant to hostile
enchantments, fairly stealthy
A: paw claws, no armour, no weapons or thrown items, fangs 3, see invisible,
carnivore 3, speed 1, shaggy fur 1, slow metabolism 1
a: no special abilities


You were on level 2 of the Dungeon.
You were completely stuffed.

You visited 1 branch of the dungeon, and saw 2 of its levels.

You collected 49 gold pieces.

Inventory:

Scrolls
 g - a scroll of noise
Books
 b - a book of Callings

   Spells                             Type                      Level
   a - Summon Small Mammal            Summoning                    1
   b - Call Imp                       Summoning                    2
   c - Call Canine Familiar           Summoning                    3
   d - Summon Guardian Golem          Hexes/Summoning              4
   e - Summon Lightning Spire         Summoning/Air                4
   f - Summon Ice Beast               Ice/Summoning                4
Comestibles
 c - 2 meat rations


   Skills:
 + Level 0.4 Fighting
 + Level 3.6 Dodging
 + Level 3.2 Stealth
 + Level 1.0 Unarmed Combat
 + Level 2.2 Spellcasting
 + Level 4.4 Summonings


You had 3 spell levels left.
You knew the following spells:

 Your Spells              Type           Power        Failure   Level  Hunger
a - Summon Small Mammal   Summ           ###.         2%          1    #......
b - Call Imp              Summ           ###.....     4%          2    ###....


Dungeon Overview and Level Annotations

Branches:
Dungeon (2/15)

Altars:

Annotations:
D:1 potion behind rock


Innate Abilities, Weirdness & Mutations

You cannot wear armour.
You are incapable of wielding weapons or throwing items.
Your paws have sharp claws.
You have razor-sharp teeth.
You have supernaturally acute eyesight.
You are carnivorous and can eat meat at any time.
You cover ground quickly.
You are covered in fur (AC +1).
You have a slow metabolism.


Message History

As you read the scroll labeled ESACOR NOCIUGG, it crumbles to dust.
The scroll dissolves into smoke.
It was a scroll of fog.
Read which item? (? for menu, Esc to quit)
As you read the scroll labeled QEGGEM UPTEPT, it crumbles to dust.
It is a scroll of recharging.
You aren't carrying any rechargeable items.
Read which item? (? for menu, Esc to quit)
As you read the scroll labeled UFEADI NUAS, it crumbles to dust.
It is a scroll of enchant weapon.
You aren't carrying any weapons that can be enchanted.
* * * LOW HITPOINT WARNING * * *
You feel sick.
Read which item? (? for menu, Esc to quit)
As you read the scroll labeled CAANEC PNAWE, it crumbles to dust.
You feel strangely unstable.
It was a scroll of teleportation.
Your surroundings suddenly seem different.
* * * LOW HITPOINT WARNING * * *
You feel sick.
You see here a giant newt skeleton.
You die...

#..>.# #....# ### #....#
#.# #....# #### #.. #.#[##
.... #.# #.#.# ....# #.#
..#.#
.....###.########.########
................@........#
.........########.....<..#
....#.#### #...รท....# ..
#.####### #........#
#.......# #........#
#######.# #........# #.#
#........#
#.#####....[...#
#)....#........#


There were no monsters in sight!

Vanquished Creatures
  A giant gecko (D:2)
  6 giant cockroaches
  3 goblins
  5 hobgoblins
  A kobold (D:2)
  8 bats
  2 giant newts
  6 rats
32 creatures vanquished.

Vanquished Creatures (collateral kills)
  3 adders (D:2)
  An ooze (D:1)
  A hobgoblin (D:2)
  A giant cockroach (D:2)
  2 rats (D:2)
8 creatures vanquished.

Grand Total: 40 creatures vanquished

Notes
Turn   | Place    | Note
--------------------------------------------------------------
     0 | D:1      | Fusha, the Felid Summoner, began the quest for the Orb.
     0 | D:1      | Reached XP level 1. HP: 7/7 MP: 4/4
   243 | D:1      | Reached XP level 2. HP: 4/11 MP: 5/5
   251 | D:1      | Learned a level 2 spell: Call Imp
  1084 | D:2      | Reached XP level 3. HP: 7/14 MP: 0/8
  1760 | D:2      | Reached skill level 1 in Unarmed Combat
  2284 | D:2      | Succumbed to an adder's poison

Action                   || total
-------------------------++-------
Melee: Unarmed           ||   150
 Cast: Summon Small Mamm ||     4
       Call Imp          ||    11
  Use: Scroll            ||     5
       Potion            ||     3
 Stab: Sleeping          ||     4
  Eat: Chunk             ||    11
